 Dungeon Crawl Stone Soup version 0.32-a0-120-gfac0567ad4 (webtiles) character file.

Game seed: 4721267058271917390

102 uzume the Trooper (level 4, -4/40 HPs)
             Began as a Draconian Monk on Feb 6, 2024.
             Slain by a gnoll
             ... wielding a +0 halberd
              (6 damage)
             ... on level 3 of the Dungeon.
             The game lasted 00:12:30 (1249 turns).

uzume the Trooper (Draconian Monk)                  Turns: 1249, Time: 00:12:30

Health: -4/40      AC:  5    Str: 16    XL:     4   Next: 49%
Magic:  4/4        EV: 13    Int: 10    God:
Gold:   77         SH:  0    Dex: 13    Spells: 1/3 levels left

rFire   . . .        a - +1 falchion (drain)
rCold   . . .        c - orb {light}
rNeg    . . .        (body armour unavailable)
rPois   .            (helmet restricted)
rElec   .            (no cloak)
rCorr   .            (no gloves)
SInv    .            (no boots)
Will    +....        (no amulet)
Stlth   +            e - ring of wizardry
HPRegen 1.06/turn    (no ring)
MPRegen 0.09/turn

%: clarity, wizardry (x1)
@: glowing
A: AC +5, unfitting armour, cold-blooded, clarity, strong-willed 1, regeneration
1
a: no special abilities


You were on level 3 of the Dungeon.
You visited 1 branch of the dungeon, and saw 3 of its levels.

You collected 77 gold pieces.

Inventory:

Hand Weapons
 a - a +1 falchion of draining (weapon)
 d - a +0 whip
Armour
 c - an orb of light (worn)
Jewellery
 e - a ring of wizardry (left hand)
Wands
 f - a wand of mindburst (22)
Scrolls
 g - a scroll of butterflies {unknown}
Potions
 b - 2 potions of ambrosia


   Skills:
 + Level 4.2 Fighting
 + Level 4.0 Long Blades
 + Level 3.5 Dodging


You had one spell level left.
You knew the following spells:

 Your Spells              Type           Power      Damage    Failure   Level
a - Mercury Vapours       Alch/Air       0%         N/A       22%         2

Your spell library contained the following spells:

 Spells                   Type           Power      Damage    Failure   Level
 Ensorcelled Hibernation  Hex/Ice        0%         N/A       22%         2
 Mephitic Cloud           Conj/Alch/Air  0%         N/A       41%         3
 Passwall                 Erth           0%         N/A       41%         3
 Swiftness                Air            0%         N/A       41%         3
 Freezing Cloud           Conj/Ice/Air   0%         6-21      98%         5


Dungeon Overview and Level Annotations

Branches:
Dungeon (3/15)

Altars:

Shops:
D:2 [[


Innate Abilities, Weirdness & Mutations

Your plain brown scales are hard. (AC +5)
You cannot fit into any form of body armour.
You are cold-blooded and may be slowed by cold attacks.
You possess an exceptional clarity of mind.
You are strong-willed. (Will+)
Your natural rate of healing is unusually fast.


Message History

The bat closely misses you.
The gnoll shouts!
You hit the bat.
You kill the bat!
The kobold throws a stone.
The stone hits you but does no damage.
You hit the hobgoblin.
You kill the hobgoblin!
A kobold comes into view. It is wielding a +0 club.
The kobold throws a stone.
The stone barely misses you.
A gnoll comes into view. It is wielding a +0 whip.
The kobold closely misses you. The gnoll closely misses you.
You see here a hobgoblin corpse.
You slash the kobold!
You kill the kobold!
The gnoll hits you from afar with a +0 halberd!
The goblin hits you with a +0 club. The gnoll misses you. x2
The gnoll closely misses you. The goblin closely misses you.
The gnoll closely misses you.
Things that are here:
a +0 whip; a stone You barely miss the gnoll.
The goblin barely misses you. The gnoll hits you with a +0 halberd!
The gnoll hits you with a +0 halberd.
You hit the gnoll. You drain the gnoll.
The gnoll is severely wounded.
The gnoll hits you with a +0 halberd!
* * * LOW HITPOINT WARNING * * *
The goblin hits you with a +0 club.
* * * LOW HITPOINT WARNING * * *
The goblin hits you with a +0 club.
* * * LOW HITPOINT WARNING * * *
The gnoll misses you. The gnoll barely misses you.
You see here a hobgoblin corpse.
The gnoll attacks as it pursues you!
The gnoll hits you from afar with a +0 halberd.
* * * LOW HITPOINT WARNING * * *
The gnoll misses you.
You hear the slow rusting of a very distant drain.
The gnoll closely misses you.
The gnoll hits you from afar with a +0 halberd.
You die...

### . ..# #.# # #.# #
....#. #.##.#
.....#####...
#.#.#.Kg..#.##########
......ggg............#
#$#.###.#@#.#.########
...#.#.#.#
..####.###.# ...
...... #.# #.
#..#.###.### #
#..#.......#
#..#.......#
#..#.#..ß..#
#..........#


You could see 3 gnolls, a goblin and a kobold.

Vanquished Creatures
  4 gnolls (D:2)
  An adder (D:2)
  2 ribbon worms (D:2)
  3 endoplasms
  2 giant cockroaches (D:1)
  2 goblins
  4 hobgoblins
  7 jackals
  A quokka (D:1)
  4 ball pythons
  7 bats
  A frilled lizard (D:1)
  A giant cockroach zombie (D:3)
  2 kobolds
  A quokka zombie (D:3)
  6 rats
48 creatures vanquished.

Notes
Turn   | Place    | Note
-------+----------+-------------------------------------------
     0 | D:1      | uzume the Draconian Monk began the quest for the Orb.
     0 | D:1      | Reached XP level 1. HP: 19/19 MP: 1/1
   199 | D:1      | Reached XP level 2. HP: 21/26 MP: 2/2
   284 | D:1      | Gained mutation: Your spells are a little easier to cast,
                  | but a little less powerful. [potion of mutation]
   544 | D:2      | Reached XP level 3. HP: 32/33 MP: 3/3
   626 | D:2      | Reached XP level 4. HP: 33/40 MP: 4/4
   725 | D:1      | Learned a level 2 spell: Mercury Vapours
   838 | D:2      | Lost mutation: Your spells are a little easier to cast, but
                  | a little less powerful. [potion of mutation]
   838 | D:2      | Gained mutation: Your natural rate of healing is unusually
                  | fast. [potion of mutation]
   838 | D:2      | Gained mutation: You are strong-willed. (Will+) [potion of
                  | mutation]
   838 | D:2      | Gained mutation: You possess an exceptional clarity of
                  | mind. [potion of mutation]
   850 | D:2      | Found Umyafi's Antique Armour Emporium.
  1011 | D:2      | Found Kaxory's Antique Armour Shop.
  1248 | D:3      | HP: 1/40 [gnoll/+0 halberd (5)]
  1249 | D:3      | Slain by a gnoll

Illustrated notes

Levels and vault maps discovered:
D:1:      psy_arrival_wood_between_worlds, layout_basic
D:2:      layout_basic, serial_shops, shop, nicolae_shop_peninsula, shop
D:3:      layout_basic, lemuel_round_altar, serial_undead, serial_undead_e,
          serial_undead_d, serial_undead_b, serial_undead_d,
          mainiacjoe_sewer_entry_somewhere_in_here_1

Skill      XL: |  1  2  3  4 |
---------------+-------------+-----
Dodging        | 3 |  3.5
Fighting       | 4 |  4.2
Long Blades    | 4 |  4.0

Action                     |  1- 3 |  4- 6 || total
---------------------------+-------+-------++-------
  Melee: Falchion          |    72 |    32 ||   104
         Tailslap          |     8 |     2 ||    10
    Use: Scroll            |     3 |     3 ||     6
         Potion            |     1 |     1 ||     2
 Armour: Skin              |    56 |    27 ||    83
  Dodge: Dodged            |    94 |    38 ||   132

Table legend: (Time is in decaauts)
 A = Elapsed time spent in this place.
 B = Non-inter-level travel time spent in this place.
 C = Inter-level travel time spent in this place.
 D = Time resting spent in this place.
 E = Time spent auto-exploring this place.
 F = Levels seen in this place.
 G = Mean time per level.
                   A        B        C        D        E       F      G
               +--------+--------+--------+--------+--------+-----+--------+
         Total |   1264 |   1252 |     12 |     67 |     32 |   3 |  421.3 |
       Dungeon |   1264 |   1252 |     12 |     67 |     32 |   3 |  421.3 |
               +--------+--------+--------+--------+--------+-----+--------+

Top non-repeatable levels by time:
     D:1: 635 daAuts
     D:2: 529 daAuts
     D:3: 100 daAuts
